 Dungeon Crawl Stone Soup version 0.16.1-51-g6203257 (webtiles) character file.

154 Nistenf the Slasher (level 5, -1/69 HPs)
             Began as a Hill Orc Fighter on July 30, 2015.
             Was a Follower of Trog.
             Slain by a gnoll
             ... wielding a +0 halberd
              (10 damage)
             ... on level 3 of the Dungeon on Aug 3, 2015.
             The game lasted 00:18:20 (2224 turns).

Nistenf the Slasher (Hill Orc Fighter)              Turns: 2224, Time: 00:18:21

Health: -1/69      AC:  9    Str: 25    XL:     5   Next: 35%
Magic:  5/5        EV:  6    Int:  8    God:    Trog [*.....]
Gold:   139        SH: 10    Dex: 10    Spells: 0 memorised, 4 levels left

rFire  . . .     SeeInvis .     a - +0 long sword
rCold  . . .     Clarity  .     q - +0 chain mail
rNeg   . . .     SustAb   .     c - +0 shield
rPois  .         Gourm    .     (no helmet)
rElec  .         Spirit   .     (no cloak)
rCorr  .         Warding  .     (no gloves)
rMut   .         Stasis   .     (no boots)
MR     .....                    n - amulet of rage
Stlth  ..........               (no ring)
                                (no ring)

@: mighty, berserking, very quick, not resistant to hostile enchantments,
extremely unstealthy
A: no striking features
a: Burn Spellbooks, Berserk, Renounce Religion, Evoke Berserk Rage


You were on level 3 of the Dungeon.
You worshipped Trog.
Trog was aware of your devotion.
You were hungry.

You visited 1 branch of the dungeon, and saw 3 of its levels.

You collected 139 gold pieces.

Inventory:

Hand weapons
 a - a +0 long sword (weapon)
Armour
 b - a +0 scale mail
 c - a +0 shield (worn)
 q - a +0 chain mail (worn)
Jewellery
 n - an amulet of rage (around neck)
Scrolls
 f - 3 scrolls of teleportation {unknown}
 g - 3 scrolls of identify {unknown}
 l - 4 scrolls of blinking {unknown}
 m - a scroll of fear {unknown}
 p - a scroll of remove curse {unknown}
 r - a scroll of noise {unknown}
 u - a scroll of recharging {unknown}
Potions
 h - a potion of curing {unknown}
 j - 2 potions of ambrosia {unknown}
 o - 2 potions of haste {unknown}
 s - a potion of invisibility {unknown}
Comestibles
 d - 2 meat rations
 i - 2 slices of pizza
 k - 2 beef jerkies
 t - a bread ration


   Skills:
 - Level 3.9 Fighting
 + Level 4.6 Long Blades
 - Level 3.8 Armour
 - Level 1.0 Dodging
 - Level 3.8 Shields


You had 4 spell levels left.
You didn't know any spells.

Dungeon Overview and Level Annotations

Branches:
Dungeon (3/15)

Altars:
Trog


Message History

The gnoll hits you from afar with a spear.
* * * LOW HITPOINT WARNING * * *
The gnoll hits you but does no damage.
You slash the gnoll!
You kill the gnoll!
Trog accepts your kill.
You can now go berserk at will.
The gnoll barely misses you. You block the gnoll's attack.
Read which item? (? for menu, Esc to quit)
Okay, then.
The gnoll throws a stone.
The stone hits you but does no damage.
You see here 2 stones.
You see here a stone.
Found a scroll labeled CLIVIPA WI THE.
Use which ability? (? or * to list)
You fail to use your ability.
Use which ability? (? or * to list)
A red film seems to cover your vision as you go berserk!
You feel yourself moving faster!
You feel mighty!
The gnoll hits you from afar with a halberd!
You die...

###)############.)(g......?.....
#.# #)###.....###... #........#
#.# ##.##.# . ......##. #(#
#..#.# .......# #h# ##.#.#
#.......# #g# ...# #.......# #g#
.### #.......# #.# .. #.......
#@# . ... #..?# ..#.# ...#.#
....# # .....# ......# .....#
..#


You could see 2 gnolls and a jackal.

Vanquished Creatures
  A gnoll shaman (D:3)
  4 gnolls (D:3)
  3 adders (D:2)
  2 worms (D:2)
  An ooze (D:1)
  2 bats
  2 giant cockroaches (D:1)
  5 hobgoblins
  4 jackals (D:3)
  A ball python (D:2)
  3 giant geckos
  4 giant newts
  6 goblins
  9 kobolds
  A quokka (D:2)
  9 rats
  2 toadstools (D:1)
59 creatures vanquished.

Vanquished Creatures (others)
  3 toadstools (D:1)
3 creatures vanquished.

Grand Total: 62 creatures vanquished

Notes
Turn   | Place    | Note
--------------------------------------------------------------
     0 | D:1      | Nistenf, the Hill Orc Fighter, began the quest for the Orb.
     0 | D:1      | Reached XP level 1. HP: 19/19 MP: 1/1
   140 | D:1      | Reached XP level 2. HP: 16/27 MP: 2/2
   884 | D:2      | Reached XP level 3. HP: 33/33 MP: 3/3
  1324 | D:2      | Reached skill level 1 in Dodging
  1536 | D:2      | Reached XP level 4. HP: 37/40 MP: 4/4
  1642 | D:2      | Found a bloodstained altar of Trog.
  1652 | D:2      | Became a worshipper of Trog the Wrathful
  2145 | D:3      | Reached skill level 4 in Long Blades
  2166 | D:3      | Reached XP level 5. HP: 43/46 MP: 5/5
  2216 | D:3      | Acquired Trog's first power
  2224 | D:3      | Slain by a gnoll

Action                   |  1- 3 |  4- 6 || total
-------------------------+-------+-------++-------
Melee: Long sword        |   139 |    87 ||   226
 Abil: Evoke Berserk Rag |       |     1 ||     1
  Use: Potion            |       |     1 ||     1
  Eat: Chunk             |     2 |     2 ||     4
